Map: [TLMC15] Hardwire

Players

Maru - Winner!

  • Race: Terran Terran

Rogue

  • Race: Zerg Zerg

Event: DreamHack SC2 Masters 2021 Winter

VOD

Have the link to the VOD?

Description

Time

  • Played on: Nov. 14, 2021, 11:31 a.m.
  • Length: 32:17

All games in this series

Show
View Real Time Build Order
Export as new Build Order

Maru Terran - Winner!

Build Orders:  

Get SALT Encoding   

  12  0:00  SCV  
  13  0:12  SCV  
  14  0:17  Supply Depot  
  14  0:24  SCV  
  15  0:39  SCV  
  15  0:40  Barracks  
  16  0:43  Refinery  
  16  0:51  SCV  
  17  1:03  SCV  
  18  1:15  SCV  
  19  1:27  Marine  
  19  1:28  Orbital Command  
  20  1:40  Command Center  
  20  1:46  Marine  
  21  1:51  Supply Depot  
  21  1:53  SCV  
  22  2:04  Factory  
  22  2:09  SCV  
  23  2:19  Refinery  
  23  2:21  SCV  
  24  2:33  SCV  
  25  2:45  SCV  
  25  2:48  Hellion  
  25  2:51  Starport  
  28  2:52  Orbital Command  
  28  2:54  Marine  
  28  2:57  SCV  
  30  3:09  SCV  
  30  3:10  Widow Mine  
  30  3:12  Marine  
  34  3:17  SCV  
  35  3:21  SCV  
  35  3:23  Supply Depot  
  35  3:26  Medivac  
  38  3:29  Marine  
  38  3:31  SCV  
  38  3:34  SCV  
  41  3:39  Factory Reactor  
  41  3:43  SCV  
  41  3:46  SCV  
  41  3:47  Supply Depot  
  41  3:48  Barracks Tech Lab  
  43  3:55  SCV, Barracks  
  44  3:56  Barracks  
  44  3:58  SCV, Starport Reactor  
  45  4:06  Stimpack, Marine  
  45  4:07  SCV  
  47  4:10  SCV  
  47  4:11  Supply Depot  
  48  4:19  SCV  
  48  4:22  Supply Depot  
  48  4:23  Refinery  
  48  4:24  Marine  
  49  4:25  Factory Tech Lab  
  49  4:26  SCV  
  51  4:35  SCV  
  51  4:40  Starport Reactor  
  51  4:41  Marine  
  51  4:44  Siege Tank  
  55  4:47  Engineering Bay  
  55  4:52  SCV  
  56  4:53  Marine x2  
  56  4:54  Marine x2  
  56  4:59  Supply Depot, Marine  
  61  5:03  SCV  
  61  5:04  SCV  
  63  5:11  Marine x3  
  63  5:12  Marine  
  67  5:15  Terran Infantry Weapons Level 1, SCV  
  67  5:17  Medivac, Siege Tank, Marine  
  74  5:26  SCV  
  76  5:28  Medivac  
  76  5:29  Marine x4  
  76  5:32  Supply Depot  
  76  5:33  Refinery  
  76  5:35  Marine  
  82  5:46  Combat Shield  
  82  5:47  Marine x3  
  85  5:50  Marine  
  85  5:53  Marine  
  85  5:54  Siege Tank  
  90  6:00  Supply Depot  
  90  6:05  Marine x3  
  90  6:08  Marine  
  94  6:15  Command Center  
  94  6:18  Supply Depot  
  94  6:22  Medivac x2, Marine x3  
  94  6:23  SCV  
  102  6:26  SCV  
  103  6:35  SCV  
  103  6:37  Factory Reactor  
  103  6:38  SCV  
  105  6:44  Marine  
  104  6:47  SCV  
  104  6:50  SCV, Marine x2  
  94  6:57  Marine x2  
  94  7:00  SCV  
  95  7:02  SCV, Marine  
  95  7:08  Marine x2  
  99  7:09  Terran Infantry Armor Level 1  
  99  7:12  SCV  
  99  7:14  SCV  
  99  7:15  Medivac, Marine x2  
  104  7:17  Widow Mine  
  104  7:18  Barracks  
  104  7:19  Barracks  
  104  7:22  Widow Mine  
  109  7:23  Medivac  
  109  7:24  SCV  
  109  7:27  Armory  
  112  7:33  SCV  
  112  7:36  SCV  
  113  7:38  Widow Mine  
  113  7:40  Marine x2  
  108  7:44  Marine x2  
  108  7:46  SCV  
  108  7:48  SCV  
  108  7:50  Factory  
  112  7:53  Marine  
  112  7:54  Medivac x2  
  112  7:58  SCV, Marine  
  118  8:00  SCV  
  112  8:06  Widow Mine x2, Barracks Reactor  
  112  8:07  Barracks Reactor  
  112  8:10  SCV  
  117  8:13  Orbital Command  
  117  8:14  SCV  
  117  8:18  Supply Depot  
  117  8:19  Marine x3  
  119  8:20  Supply Depot, Marine x2  
  119  8:22  SCV  
  119  8:24  Orbital Command  
  122  8:37  Engineering Bay, Marine x4  
  122  8:38  Marine  
  124  8:44  SCV  
  118  8:51  Marine  
  118  8:52  Marine x2  
  118  8:53  Widow Mine, Drilling Claws  
  118  8:54  Widow Mine x2  
  118  8:55  Marine x5  
  129  8:57  Marine  
  129  8:59  Supply Depot  
  129  9:00  Supply Depot x2  
  133  9:02  Terran Infantry Weapons Level 2  
  133  9:04  Terran Infantry Armor Level 2  
  133  9:06  Liberator  
  133  9:09  Marine x3  
  137  9:15  Liberator, Widow Mine, Siege Tank  
  137  9:17  Supply Depot, Marine x2  
  147  9:21  Marine  
  147  9:22  Marine x3  
  153  9:25  Supply Depot  
  153  9:27  Marine x2  
  153  9:28  Supply Depot  
  155  9:35  SCV  
  155  9:36  Command Center  
  144  9:38  SCV  
  144  9:39  Marine x2  
  144  9:40  Marine x2  
  144  9:44  SCV  
  144  9:48  Marine  
  144  9:51  SCV x2  
  121  9:59  Widow Mine  
  104  10:00  SCV  
  104  10:03  SCV  
  100  10:07  SCV  
  100  10:12  SCV, Marine  
  100  10:13  Marine x5  
  108  10:15  SCV  
  108  10:19  SCV  
  104  10:25  Widow Mine, SCV, Medivac  
  107  10:29  SCV  
  107  10:31  Widow Mine, SCV  
  105  10:41  Marine x2  
  105  10:42  Marine x6  
  110  10:46  SCV  
  110  10:49  SCV x2  
  113  10:52  Marine  
  114  10:58  SCV  
  114  10:59  Marine  
  114  11:01  SCV, Marine  
  114  11:02  Marine  
  118  11:05  Marine  
  118  11:06  Marine x2  
  118  11:10  Marine x3  
  117  11:11  Widow Mine x2  
  117  11:17  Marine  
  115  11:19  Widow Mine, Marine x2  
  119  11:28  Terran Infantry Weapons Level 3  
  123  11:32  Widow Mine  
  123  11:33  Widow Mine  
  117  11:40  Siege Tank, Terran Infantry Armor Level 3  
  117  11:41  SCV  
  121  11:51  Marine  
  121  11:52  Marine x3  
  121  11:53  Marine  
  126  12:02  SCV x2  
  126  12:03  SCV  
  129  12:09  Widow Mine x2  
  129  12:14  Widow Mine, SCV  
  129  12:15  Medivac  
  132  12:19  SCV x2  
  117  12:26  SCV  
  116  12:31  SCV x2  
  119  12:38  SCV  
  119  12:39  Barracks x2  
  119  12:42  Planetary Fortress, Barracks  
  119  12:43  SCV x2  
  121  12:47  Supply Depot  
  121  12:48  Supply Depot, Widow Mine x2  
  121  12:50  SCV  
  124  12:55  SCV  
  123  12:59  SCV  
  123  13:01  Marine x4  
  123  13:02  SCV  
  129  13:07  SCV  
  129  13:11  SCV  
  131  13:14  SCV  
  131  13:16  Marine  
  131  13:17  Marine x2  
  131  13:18  Widow Mine x2  
  131  13:19  SCV  
  119  13:35  Widow Mine  
  119  13:36  Marine x2  
  119  13:39  Widow Mine x2, SCV x2  
  119  13:40  SCV x2  
  120  13:45  Barracks Tech Lab x3  
  116  13:51  SCV x2  
  116  13:52  SCV  
  116  13:54  SCV  
  120  14:01  Marauder  
  122  14:03  SCV  
  122  14:07  SCV x2  
  122  14:08  SCV  
  125  14:16  SCV  
  126  14:17  Concussive Shells  
  126  14:18  Marauder x3  
  126  14:19  SCV  
  126  14:20  Marine x2  
  126  14:22  Marauder  
  137  14:27  Medivac x2  
  137  14:29  SCV  
  142  14:33  Marine  
  142  14:34  Marine  
  144  14:39  Marauder x2  
  144  14:41  SCV x2  
  147  14:47  Marauder x2, Marine  
  147  14:48  Marine x3  
  155  14:58  SCV, Orbital Command  
  151  15:00  Marine  
  151  15:01  Marauder x2  
  156  15:08  Marauder  
  156  15:09  Marauder  
  160  15:22  Marauder  
  160  15:26  Marauder  
  164  15:33  Marauder, Supply Depot, Marine  
  167  15:40  Marine x2  
  167  15:41  Marauder  
  143  15:43  Marauder, Marine  
  143  15:46  Marine x2  
  143  15:47  Marauder  
  131  15:51  Marine x2  
  131  15:54  Marine  
  131  15:55  Marauder  
  122  15:57  SCV  
  122  15:58  Marine x2  
  122  16:01  Marine  
  122  16:02  Marauder  
  126  16:04  Marine x2  
  126  16:05  Marauder  
  126  16:08  Marauder  
  126  16:09  Marine  
  133  16:12  Marine x2  
  133  16:13  Widow Mine x2  
  133  16:16  Marauder, Marine  
  133  16:17  Marine  
  143  16:19  Marine  
  143  16:22  Marine  
  143  16:23  Marauder  
  147  16:26  Liberator, Marauder  
  147  16:28  Marine  
  152  16:35  Marine x2  
  152  16:36  Marauder  
  152  16:37  Marauder  
  145  16:45  Marauder, Marine x4  
  139  16:48  Marauder, Widow Mine  
  139  16:51  Marine  
  139  16:54  Marine  
  144  16:57  Marauder  
  144  17:00  Marine x2  
  144  17:01  Widow Mine x2  
  152  17:09  Marine  
  152  17:10  Marauder, Marine x2  
  152  17:11  Marauder x2  
  152  17:12  Marine  
  152  17:13  Marine  
  143  17:18  Marine  
  143  17:19  Marauder  
  135  17:24  Widow Mine x3, Marine  
  142  17:30  Marine  
  142  17:31  Marauder, Marine  
  146  17:42  Marine x2  
  146  17:43  Marauder x2  
  152  17:49  Medivac  
  152  17:50  Medivac, Marine  
  152  17:52  Marine  
  152  17:53  Marauder  
  152  17:57  Marine x2  
  152  17:58  Marauder  
  154  18:02  Orbital Command  
  154  18:04  Widow Mine  
  154  18:05  Widow Mine  
  143  18:16  Marauder x2, Marine x2  
  143  18:17  Marine  
  140  18:20  Marauder  
  140  18:28  Marauder, Marine x2  
  140  18:30  Marine x2  
  146  18:36  Viking  
  146  18:38  Marauder x2  
  146  18:40  Viking  
  156  18:41  Marauder  
  156  18:48  Marine  
  156  18:49  Marine x2  
  156  18:50  Marauder  
  150  18:59  Marauder  
  150  19:04  Widow Mine  
  150  19:05  Medivac, Marine  
  150  19:06  Marauder  
  150  19:09  Marine  
  157  19:10  Marauder, Marine  
  157  19:11  Marauder  
  157  19:16  SCV  
  157  19:17  SCV  
  155  19:19  Marine  
  155  19:20  Marauder  
  156  19:24  Marine  
  156  19:25  Marine  
  156  19:26  Refinery x2  
  156  19:27  Marauder  
  156  19:29  Marine x2  
  164  19:31  Marauder  
  164  19:32  Marauder  
  164  19:36  Medivac x2  
  164  19:37  Marine x2  
  172  19:42  Marauder  
  174  19:48  Supply Depot  
  174  19:49  Marauder  
  174  19:54  Marine  
  174  19:55  Marauder  
  177  20:03  Marauder x2, Marine x2  
  175  20:13  SCV x2  
  165  20:14  SCV x2  
  165  20:17  Marauder, Marine x2  
  165  20:18  Marine  
  165  20:19  Marine x3  
  175  20:25  SCV x2  
  175  20:26  SCV x2  
  179  20:31  Ghost Academy  
  179  20:34  Widow Mine x3  
  185  20:37  SCV  
  185  20:39  Marine  
  185  20:40  Marauder  
  185  20:41  Marine  
  183  20:55  Widow Mine x2  
  185  21:03  Ghost x3  
  187  21:12  Ghost  
  187  21:13  Marine  
  187  21:15  Marine  
  182  21:31  Ghost  
  182  21:38  Personal Cloaking  
  182  21:45  Refinery x2  
  182  21:46  Supply Depot, Command Center  
  182  21:47  Orbital Command  
  182  21:48  Supply Depot  
  171  22:03  Ghost x2  
  173  22:09  Marauder x2  
  151  22:30  Marauder, Ghost  
  151  22:32  Ghost  
  151  22:33  Marine  
  151  22:34  Ghost, Marine x3  
  151  22:35  Marine x2  
  163  22:40  Refinery  
  163  22:41  Refinery  
  162  22:53  Widow Mine  
  159  23:00  Ghost x2  
  163  23:20  Ghost  
  163  23:21  Marine x2  
  163  23:22  Marauder  
  163  23:24  Widow Mine x2  
  173  23:29  Marauder x2, SCV  
  173  23:30  SCV x2  
  180  23:39  Planetary Fortress  
  180  23:43  Marauder  
  182  23:51  Widow Mine x3  
  188  24:01  Sensor Tower  
  188  24:02  Ghost  
  190  24:05  SCV x3  
  193  24:12  Widow Mine x2  
  197  24:23  Marine x2  
  197  24:24  Marauder x2  
  198  24:28  Missile Turret  
  198  24:29  Missile Turret  
  198  24:30  Missile Turret  
  192  24:33  Marauder  
  192  24:35  Sensor Tower  
  192  24:36  Missile Turret  
  192  24:37  Ghost  
  196  24:45  Refinery  
  195  24:46  Command Center  
  195  24:57  SCV  
  195  24:58  SCV x3  
  195  24:59  Missile Turret  
  197  25:09  Missile Turret  
  197  25:10  SCV  
  197  25:13  Widow Mine  
  197  25:14  Command Center  
  200  25:35  Orbital Command  
  194  25:40  Liberator x2  
  192  25:51  Ghost x2  
  176  25:59  SCV x3  
  176  26:00  SCV  
  176  26:03  Widow Mine x3  
  186  26:11  SCV x3  
  186  26:13  Enhanced Shockwaves  
  186  26:14  Command Center  
  189  26:23  Liberator x2, Sensor Tower  
  195  26:36  Neosteel Armor  
  195  26:38  Command Center  
  195  26:42  Missile Turret  
  195  26:48  Planetary Fortress  
  195  26:55  Ghost  
  197  27:06  Viking  
  199  27:14  Orbital Command  
  199  27:32  Nuke  
  194  27:39  Liberator x2  
  194  27:43  Missile Turret  
  193  27:58  Ghost x2  
  193  28:07  SCV  
  195  28:16  Orbital Command x2  
  194  28:21  Terran Vehicle And Ship Armor Level 1  
  194  28:24  Sensor Tower  
  192  28:38  Ghost  
  192  28:39  Ghost x2  
  196  28:48  Missile Turret  
  196  28:55  Widow Mine x2  
  184  29:08  Ghost  
  184  29:09  Ghost x3  
  182  29:11  Widow Mine  
  182  29:16  Widow Mine, Marine x3  
  182  29:17  Marine  
  150  29:24  Marine  
  150  29:25  SCV  
  150  29:26  SCV x5  
  158  29:32  Marine  
  158  29:34  Marine x3  
  158  29:37  SCV  
  158  29:38  Marauder x4, SCV  
  169  29:47  Orbital Command  
  169  29:54  Marine x2  
  169  29:57  Marine  
  169  29:58  Marine  
  169  29:59  Marauder x2  
  179  30:00  Marauder x2  
  179  30:06  Marine  
  179  30:07  Marine  
  175  30:17  SCV x6  
  175  30:18  SCV  
  175  30:21  Marauder x4  
  190  30:29  SCV x3  
  187  30:42  Marauder  
  168  30:46  Marauder, Marine x3  
  168  30:47  Marauder x2  
  168  30:49  Command Center  
  155  30:51  Marine x2  
  155  30:52  SCV x3  
  160  31:05  SCV x5  
  160  31:06  SCV  
  168  31:11  Widow Mine  
  165  31:31  Widow Mine  
  165  31:32  Liberator x2, Widow Mine  
Show
View Real Time Build Order
Export as new Build Order

Rogue Zerg 

Build Orders: Hatch First, Lurkers 

Get SALT Encoding   

  12  0:00  Drone  
  13  0:12  Overlord  
  13  0:16  Drone  
  14  0:30  Drone x2  
  16  0:47  Hatchery  
  15  0:51  Drone  
  15  0:54  Drone  
  17  0:58  Drone  
  18  1:08  Extractor  
  17  1:15  Spawning Pool  
  17  1:17  Drone  
  17  1:21  Drone  
  18  1:28  Drone  
  19  1:39  Drone  
  20  1:49  Drone  
  21  2:01  Queen x2  
  21  2:02  Zergling x4  
  27  2:11  Zergling x2, Overlord  
  28  2:23  Hatchery  
  28  2:25  Drone  
  28  2:30  Overlord  
  28  2:35  Drone x2  
  30  2:48  Queen  
  30  2:49  Metabolic Boost  
  33  2:51  Drone  
  33  2:54  Drone  
  33  2:57  Drone  
  35  3:03  Drone  
  35  3:07  Drone  
  35  3:09  Drone  
  35  3:15  Drone  
  35  3:17  Overlord  
  36  3:34  Queen  
  36  3:35  Drone x6  
  36  3:36  Queen  
  36  3:38  Overlord  
  46  3:43  Queen  
  46  3:47  Drone x2  
  50  3:52  Overlord  
  50  3:58  Zergling x2  
  50  3:59  Zergling x8  
  50  4:02  Zergling x4  
  57  4:05  Overlord  
  57  4:06  Drone  
  58  4:11  Queen  
  58  4:15  Queen  
  62  4:21  Drone x4  
  66  4:28  Drone x4  
  70  4:33  Drone x2  
  70  4:36  Overlord  
  72  4:43  Drone  
  72  4:45  Evolution Chamber  
  72  4:46  Evolution Chamber, Overlord  
  71  4:52  Overlord  
  71  4:54  Drone x5  
  71  4:55  Drone x2  
  71  4:58  Queen  
  80  5:02  Spore Crawler  
  80  5:03  Extractor  
  80  5:04  Drone x3  
  81  5:11  Queen  
  81  5:13  Drone x3  
  86  5:16  Extractor  
  86  5:17  Extractor  
  86  5:18  Zerg Ground Armor Level 1, Zerg Melee Weapons Level 1  
  84  5:22  Drone x2  
  84  5:23  Drone  
  84  5:24  Spore Crawler  
  86  5:29  Spore Crawler  
  86  5:30  Zergling x8  
  86  5:32  Drone x3  
  86  5:35  Overlord  
  92  5:39  Lair  
  92  5:46  Hatchery  
  91  5:51  Zergling x10  
  91  5:53  Zergling x2  
  97  5:59  Zergling x4, Baneling Nest  
  97  6:00  Zergling x6  
  97  6:02  Overlord  
  101  6:06  Zergling x2  
  101  6:09  Overlord  
  101  6:11  Zergling x6  
  102  6:16  Queen  
  106  6:20  Queen, Overlord x2  
  106  6:24  Overlord  
  106  6:25  Zergling x2  
  109  6:32  Zergling x2  
  109  6:33  Zergling x14  
  116  6:42  Zergling x4  
  116  6:49  Zergling x4  
  116  6:50  Zergling x2  
  116  6:51  Zergling x2  
  116  6:52  Zergling x2  
  98  6:55  Queen x3  
  98  6:57  Centrifugal Hooks  
  98  6:59  Queen  
  104  7:03  Zergling x14  
  104  7:07  Zergling x2  
  104  7:08  Baneling x7  
  112  7:10  Zergling x2  
  112  7:14  Zerg Ground Armor Level 2  
  113  7:22  Zergling x14  
  120  7:25  Zerg Melee Weapons Level 2  
  119  7:33  Zergling x2  
  119  7:36  Zergling x16  
  107  7:40  Zergling x6  
  107  7:42  Baneling x6  
  98  7:48  Zergling x8  
  98  7:49  Zergling x2  
  98  7:50  Baneling  
  98  7:51  Baneling  
  101  7:53  Zergling x4  
  103  8:02  Zergling x4  
  103  8:04  Drone  
  101  8:06  Hatchery  
  101  8:10  Burrow  
  101  8:12  Drone  
  101  8:13  Baneling x2  
  101  8:14  Zergling x2, Hatchery, Baneling x2  
  101  8:15  Zergling x2  
  102  8:20  Pneumatized Carapace  
  102  8:26  Zergling x16  
  110  8:34  Zergling x2  
  110  8:38  Zergling x2  
  110  8:39  Zergling x4  
  110  8:43  Zergling x2  
  111  8:49  Zergling x2  
  111  8:50  Zergling x8  
  102  8:58  Drone  
  102  8:59  Drone x4, Hydralisk Den  
  102  9:00  Baneling x6  
  106  9:04  Zergling x4  
  106  9:08  Zergling x2  
  109  9:16  Zergling x2  
  110  9:17  Zergling x4  
  110  9:20  Baneling x2  
  110  9:21  Baneling x3  
  110  9:23  Zergling x8  
  116  9:27  Spore Crawler  
  116  9:30  Zerg Missile Weapons Level 1, Zergling x12  
  121  9:33  Hatchery  
  121  9:34  Zergling x12  
  121  9:36  Zergling x2  
  121  9:39  Zergling x2  
  121  9:40  Zergling x4  
  121  9:47  Zergling x2  
  121  9:49  Zergling x2  
  121  9:50  Zergling x4  
  121  9:51  Zergling x2  
  121  9:52  Zergling x4  
  117  9:53  Zergling x2  
  117  9:54  Baneling  
  117  9:55  Baneling x9  
  117  9:56  Zergling x2  
  117  9:58  Zergling x2  
  112  10:03  Overseer  
  101  10:08  Zergling x14  
  101  10:09  Zergling x2  
  108  10:18  Grooved Spines  
  108  10:22  Hydralisk  
  108  10:23  Hydralisk x4  
  112  10:28  Drone x3  
  114  10:38  Zergling x14  
  121  10:44  Zergling x2  
  121  10:45  Zergling x6  
  121  10:49  Baneling  
  123  10:50  Baneling x5  
  123  10:51  Zergling x2  
  123  10:54  Zergling x2  
  120  11:03  Drone x2  
  112  11:04  Drone  
  112  11:05  Drone x4  
  112  11:09  Zergling x4  
  116  11:17  Zergling x8  
  117  11:23  Zergling x2  
  117  11:30  Zergling x8  
  115  11:37  Hydralisk x2  
  118  11:42  Drone  
  118  11:43  Drone x3  
  122  11:51  Infestation Pit, Muscular Augments  
  121  11:55  Drone x3  
  121  11:56  Drone x3  
  121  11:57  Baneling  
  121  11:58  Baneling x4  
  127  12:02  Zergling x8  
  127  12:03  Zergling x2  
  132  12:10  Zergling x10  
  132  12:15  Hydralisk x2  
  134  12:19  Zergling x2  
  135  12:28  Hive  
  135  12:29  Drone  
  126  12:30  Drone x5, Lurker Den  
  129  12:40  Hydralisk x4  
  134  12:45  Drone x2  
  134  12:46  Spore Crawler  
  134  12:49  Zergling x4, Extractor  
  134  12:50  Zergling x4, Extractor  
  136  13:01  Drone x2  
  136  13:03  Zerg Missile Weapons Level 2  
  138  13:11  Zergling x16  
  143  13:13  Hatchery  
  143  13:17  Zergling x12  
  147  13:23  Drone x2  
  147  13:24  Drone  
  148  13:30  Overlord x2  
  140  13:36  Zergling x8  
  140  13:38  Zergling x2  
  140  13:40  Zergling x18  
  143  13:46  Seismic Spines  
  136  13:56  Drone  
  136  13:59  Lurker x4  
  141  14:06  Lurker  
  141  14:07  Lurker x6  
  141  14:08  Zergling x2  
  149  14:10  Zergling x4  
  149  14:11  Hatchery  
  149  14:21  Lurker  
  149  14:22  Zerg Ground Armor Level 3, Zergling x6  
  153  14:25  Drone x3  
  153  14:28  Baneling  
  153  14:30  Zergling x8  
  159  14:39  Zergling x14  
  159  14:40  Zergling x2  
  159  14:43  Adaptive Talons  
  159  14:44  Overseer x3  
  165  14:54  Overlord x2  
  165  14:59  Baneling x16  
  161  15:01  Zergling x2  
  161  15:03  Zergling x2  
  161  15:06  Zergling x4  
  162  15:15  Hydralisk x3  
  162  15:20  Drone x2, Nydus Network  
  169  15:27  Drone x3  
  169  15:31  Zergling x16  
  167  15:39  Zergling x8  
  167  15:41  Zergling x2  
  145  15:42  Zergling x2  
  145  15:43  Zergling x4  
  145  15:45  Zergling x2  
  145  15:47  Overseer x2  
  145  15:49  Zergling x2  
  135  15:50  Baneling x3  
  135  15:51  Zerg Missile Weapons Level 3  
  135  15:53  Zergling x2  
  135  15:54  Zergling x2  
  135  15:55  Zergling x6  
  115  16:05  Zergling x2  
  115  16:06  Zergling x18  
  115  16:07  Baneling x3  
  115  16:08  Baneling x2  
  123  16:14  Baneling, Lurker x2  
  123  16:15  Baneling x10  
  123  16:16  Zergling x2  
  126  16:21  Zergling x2  
  126  16:22  Zergling x10  
  132  16:27  Zergling x12  
  135  16:33  Zergling x4  
  135  16:36  Hydralisk x3  
  124  16:41  Zergling x12  
  124  16:44  Zergling x2  
  120  16:47  Baneling  
  120  16:48  Baneling x5  
  120  16:49  Zergling x2  
  120  16:50  Zergling x6  
  120  16:53  Baneling x5, Extractor  
  123  16:57  Zergling x8  
  123  16:58  Zergling x2  
  124  17:01  Zergling x6  
  124  17:02  Zergling x2  
  124  17:05  Baneling x3  
  124  17:06  Baneling x4, Zergling x2  
  128  17:10  Zergling x2  
  128  17:11  Zergling x6  
  128  17:13  Zergling x2  
  117  17:16  Zergling x2  
  117  17:17  Zergling x2  
  117  17:19  Zergling x12  
  123  17:25  Lurker x2  
  123  17:26  Hydralisk x2, Lurker  
  130  17:31  Baneling  
  130  17:32  Baneling x5  
  130  17:36  Zergling x12  
  136  17:38  Overseer  
  136  17:40  Baneling x8  
  131  17:45  Extractor  
  118  17:54  Zergling x24  
  118  17:58  Lurker x2  
  125  18:02  Zergling x10  
  130  18:10  Hydralisk  
  121  18:13  Zergling x2  
  121  18:14  Zergling x8  
  121  18:16  Hydralisk, Overseer, Baneling x2  
  124  18:29  Hydralisk x4  
  132  18:38  Zergling x16  
  140  18:42  Hatchery  
  140  18:45  Spore Crawler  
  136  18:49  Zergling x2  
  136  18:50  Zergling x10  
  136  18:52  Lurker  
  136  18:53  Zergling x8  
  147  19:01  Zergling x2  
  140  19:04  Lurker x5  
  140  19:05  Zergling x2  
  140  19:06  Zergling x2  
  140  19:07  Nydus Canal  
  143  19:20  Overlord x4  
  138  19:26  Overlord  
  138  19:29  Overlord  
  138  19:35  Nydus Canal  
  138  19:36  Zergling x2  
  138  19:37  Zergling x4  
  139  19:41  Hydralisk x6  
  151  19:46  Zergling x6  
  154  19:57  Drone  
  155  20:00  Zergling x2  
  155  20:01  Zergling x8  
  155  20:03  Zergling x2  
  155  20:04  Zergling x10  
  155  20:06  Spore Crawler  
  144  20:15  Lurker  
  144  20:16  Lurker x5  
  150  20:27  Baneling x10  
  150  20:32  Zergling x8  
  150  20:33  Zergling x2  
  155  20:36  Zergling x6  
  155  20:41  Zergling x2  
  140  20:45  Hydralisk x3  
  136  20:55  Zergling x12  
  140  21:06  Nydus Canal  
  136  21:11  Zergling x18  
  143  21:21  Nydus Canal  
  143  21:24  Viper x2  
  149  21:31  Overseer  
  149  21:38  Hatchery  
  146  21:47  Hydralisk  
  146  21:50  Overlord  
  144  21:59  Nydus Canal  
  144  22:02  Lurker  
  145  22:10  Hydralisk x5  
  145  22:13  Zergling x2  
  156  22:17  Baneling x8  
  156  22:25  Overseer x2  
  156  22:26  Zergling x6  
  146  22:32  Lurker  
  147  22:41  Baneling x13  
  147  22:42  Baneling x4  
  147  22:46  Zergling x6  
  147  22:47  Zergling x2  
  144  22:55  Zergling x8, Lurker x2  
  144  22:56  Zergling x6  
  153  23:03  Extractor  
  153  23:05  Extractor  
  148  23:08  Lurker  
  148  23:09  Zergling x8  
  153  23:32  Hatchery  
  153  23:33  Baneling  
  153  23:34  Baneling x10  
  152  23:35  Zergling x2  
  152  23:36  Overlord x2  
  152  23:39  Overlord  
  153  23:44  Overlord  
  153  23:45  Overseer x3  
  153  24:07  Lurker x4  
  153  24:09  Zergling x24  
  168  24:11  Zergling x2  
  168  24:19  Zerg Melee Weapons Level 3  
  168  24:20  Drone x2  
  168  24:33  Drone x9  
  177  24:57  Drone  
  178  25:01  Zergling x10  
  178  25:06  Overseer  
  180  25:10  Hatchery  
  180  25:13  Zergling x2  
  180  25:14  Zergling x6, Overlord x2  
  183  25:19  Overlord  
  183  25:20  Overlord  
  183  25:21  Spore Crawler  
  182  25:33  Zergling x2  
  182  25:35  Zergling x8  
  177  25:47  Zergling x6  
  177  25:48  Zergling x6  
  177  25:52  Hydralisk x9  
  174  25:59  Zergling x6  
  174  26:02  Drone x2  
  174  26:03  Drone x5  
  182  26:05  Hydralisk x3  
  182  26:06  Zergling x2  
  182  26:07  Zergling x4, Baneling  
  182  26:08  Baneling x2  
  191  26:15  Nydus Canal  
  191  26:19  Zergling x14  
  191  26:20  Zergling x2  
  199  26:42  Overlord  
  199  26:53  Overseer x2  
  199  27:04  Overlord  
  199  27:05  Nydus Canal  
  199  27:21  Spore Crawler  
  196  27:32  Zergling x14  
  196  27:34  Hatchery  
  194  27:39  Zergling x10  
  194  27:40  Zergling x2  
  176  27:54  Zergling x4  
  176  27:55  Spore Crawler  
  176  27:58  Hydralisk x6  
  165  28:00  Zergling x14  
  165  28:03  Zergling x2  
  178  28:06  Zergling x8  
  178  28:07  Zergling x8  
  178  28:11  Zergling x18  
  178  28:12  Zergling x2  
  196  28:13  Zergling x2  
  196  28:15  Zergling x4  
  196  28:17  Baneling  
  196  28:18  Baneling x25  
  196  28:19  Baneling x7, Zergling x2  
  200  28:27  Overseer x5  
  200  28:41  Zergling x6  
  188  28:48  Overseer x5  
  188  28:52  Hydralisk x7  
  181  28:57  Zergling x2  
  181  29:02  Zergling x24  
  179  29:12  Zergling x14  
  179  29:15  Zergling x14  
  173  29:19  Zergling x2  
  173  29:20  Zergling x30  
  173  29:22  Baneling x3  
  167  29:24  Viper x2  
  167  29:27  Zergling x10  
  170  29:32  Zergling x2  
  170  29:33  Zergling x4  
  170  29:35  Zergling x2  
  172  29:39  Zergling x10  
  172  29:45  Zergling x2  
  172  29:47  Baneling x16  
  172  29:48  Baneling x13  
  172  29:49  Baneling x5  
  164  29:57  Nydus Canal  
  164  29:58  Zergling x12  
  164  29:59  Zergling x10  
  161  30:05  Zergling x2  
  153  30:07  Zergling x10  
  153  30:08  Zergling x2  
  145  30:22  Hatchery  
  144  30:31  Zergling x22  
  144  30:34  Zergling x2  
  153  30:42  Zergling x10  
  137  30:46  Zergling x6  
  118  30:59  Lurker x7  
  118  31:00  Lurker x3  
  127  31:14  Baneling  
  127  31:15  Baneling x10  
  127  31:16  Overseer  
  127  31:17  Hatchery  
  126  31:27  Zergling x14  
  133  31:46  Hatchery  
  127  31:48  Zergling x2  
  127  31:49  Zergling x4  
  114  31:54  Overseer x4  
  114  31:55  Zergling x14  
  114  31:57  Zergling x2  

Tags
 
Add a new tag
Caveats
  • Supply blocks, unpowered buildings, or Contaminate may cause inaccurate times.
  • Supply counts are checked every 10 seconds.